 Dungeon Crawl Stone Soup version 0.27.1-35-g4d5d836560 (console) character file.

Game seed: 582817620478567636

18 Faeu the Stinger (level 2, -6/15 HPs)
             Began as a Tengu Venom Mage on May 17, 2022.
             Mangled by a kobold (9 damage)
             ... on level 1 of the Dungeon.
             The game lasted 00:02:35 (1063 turns).

Faeu the Stinger (Tengu Venom Mage)                 Turns: 1063, Time: 00:02:35

Health: -6/15      AC:  2    Str:  8    XL:     2   Next: 66%
Magic:  2/6        EV: 12    Int: 15    God:
Gold:   46         SH:  0    Dex: 14    Spells: 4/5 levels left

rFire    . . .     SeeInvis .   b - +0 short sword {short}
rCold    . . .     Faith    .   (no shield)
rNeg     . . .     Spirit   .   a - +0 robe
rPois    .         Reflect  .   (helmet restricted)
rElec    .         Harm     .   (no cloak)
rCorr    .         Rampage  .   (no gloves)
Will     .....                  (boots unavailable)
Stlth    ++........             (no amulet)
HPRegen  0.05/turn              (no ring)
MPRegen  0.10/turn              (no ring)

@: very slightly contaminated
A: beak, talons 3
a: no special abilities


You were on level 1 of the Dungeon.
You visited 1 branch of the dungeon, and saw 1 of its levels.

You collected 46 gold pieces.


Innate Abilities, Weirdness & Mutations

You have a beak for a mouth.
You have claws for feet.


   Skills:
 + Level 2.6 Dodging
 + Level 2.5 Stealth
 - Level 2.0 Spellcasting
 - Level 0.7 Transmutations
 + Level 3.3 Poison Magic


You had 4 spell levels left.
You knew the following spells:

 Your Spells              Type           Power      Damage    Failure   Level
a - Sting                 Tmut/Pois      28%        1d4       10%         1

Your spell library contained the following spells:

 Spells                   Type           Power      Damage    Failure   Level
 Poisonous Vapours        Pois/Air       12%        N/A       17%         2
 Mephitic Cloud           Conj/Pois/Air  4%         N/A       38%         3
 Olgreb's Toxic Radiance  Pois           11%        N/A       50%         4

Inventory:

Hand Weapons
 b - a +0 short sword (weapon) {short}
   (You took it off a kobold on level 1 of the Dungeon)
 c - a +0 club {mace}
   (You took it off a kobold on level 1 of the Dungeon)
 e - a +0 club {mace}
   (You took it off a kobold on level 1 of the Dungeon)
 g - a +0 short sword {short}
   (You found it on level 1 of the Dungeon)
 i - a +2 dagger of speed {short}
   (You took it off a goblin on level 1 of the Dungeon)
Missiles
 d - 34 stones {throwing}
Armour
 a - a +0 robe (worn)
Scrolls
 f - a scroll of fog {unknown}
 h - a scroll of identify {unknown}

Dungeon Overview and Level Annotations

Branches:
Dungeon (1/15)

Altars:

Shops:
D:1

* ..#.# #...#
#.#.# #...# #.#.#
#...# #.#####
#...#.# #.....#
#...#.# #####.#
#†..#.#
#.######...#.#
####.#........#.#
#....#.####.###.#
#.####.# #.# #K#
#.# #.# #.#
#@######.
#.####.#
#.###........
#......#
#....#######.
########
##..........#
#.#.######..
#.#... #.###...
#.. .#..# ### #
##


You could see a kobold.


Message History

You can't see any susceptible monsters within range! (Use Z to cast anyway.)
A goblin comes into view. It is wielding a +2 dagger of speed.
The goblin shouts!
There are monsters nearby!
The sting hits the giant cockroach but does no damage.
The giant cockroach is poisoned. 😎 MP[-1]
You lost 1 mp, and now have 5/6 mp.
You miscast Sting.
You are very lightly contaminated with residual magic.
Nothing appears to happen.
The giant cockroach bites you. 😕 HP[-1] MP[-1]
You take 1 damage, and now have 14/15 hp.
You lost 1 mp, and now have 4/6 mp.
You completely miss the giant cockroach.
Your kick misses the giant cockroach. The giant cockroach bites you. 😕 HP[-1]
You take 1 damage, and now have 13/15 hp.
You hit the giant cockroach but do no damage.
You claw the giant cockroach, but do no damage.
You kill the giant cockroach!
You closely miss the goblin.
The goblin hits you with a +2 dagger of speed. 😮 HP[-3]
You take 3 damage, and now have 10/15 hp.
You are too injured to fight recklessly!
Aiming: Sting (safe; 10% risk of failure)
Press: ? - help, Q - select action, (/) - cycle Shift-Dir - straight line, f - goblin
Aim: a goblin, wielding a +2 dagger of speed (60% to hit)
The sting hits the goblin.
The goblin is poisoned.
The goblin hits you with a +2 dagger of speed.
* * * LOW HITPOINT WARNING * * *
😨 HP[-3] MP[-1]
You take 3 damage, and now have 7/15 hp.
You lost 1 mp, and now have 3/6 mp.
Aiming: Sting (safe; 10% risk of failure)
Press: ? - help, Q - select action, (/) - cycle Shift-Dir - straight line, f/p - goblin
Aim: a goblin, wielding a +2 dagger of speed (heavily wounded, poisoned, 60% to hit)
The sting hits the goblin.
The goblin looks even sicker.
You kill the goblin! 😨 MP[-1]
You lost 1 mp, and now have 2/6 mp.
Your magical contamination has completely faded away.
i - a +2 dagger of speed {short} You see here a goblin corpse.
You are too injured to fight recklessly!
You see here a goblin corpse.
A giant cockroach comes into view. 😎 HP[+8] MP[+4]
Your mp is fully restored (6).
You can't see any susceptible monsters within range! (Use Z to cast anyway.)
A kobold comes into view.
It is wielding a +4 short sword of speed.
The sting hits the giant cockroach but does no damage.
The giant cockroach is poisoned. 😎 MP[-1]
You lost 1 mp, and now have 5/6 mp.
The sting hits the giant cockroach but does no damage.
The giant cockroach looks even sicker.
You kill the giant cockroach! 😎 MP[-1]
You lost 1 mp, and now have 4/6 mp.
The kobold shouts!
The kobold throws a stone.
The stone hits you. 😮 HP[-5]
You take 5 damage, and now have 10/15 hp.
MASSIVE DAMAGE!! (PAUSE)
You are too injured to fight recklessly!
Aiming: Sting (safe; 10% risk of failure)
Press: ? - help, Q - select action, (/) - cycle Shift-Dir - straight line, f - kobold
Aim: a kobold, wielding a +4 short sword of speed and quivering stones (60% to hit)
You miscast Sting.
You are very lightly contaminated with residual magic.
Nothing appears to happen. 😮 MP[-1]
You lost 1 mp, and now have 3/6 mp.
You hit the kobold but do no damage. Your peck misses the kobold.
The kobold misses you.
You closely miss the kobold. You claw the kobold, but do no damage.
The kobold barely misses you.
The kobold hits you with a +4 short sword of speed. 😮 HP[-2]
You take 2 damage, and now have 8/15 hp.
Aiming: Sting (safe; 10% risk of failure)
Press: ? - help, Q - select action, (/) - cycle Shift-Dir - straight line, f/p - kobold
Aim: a kobold, wielding a +4 short sword of speed and quivering stones (60% to hit)
The sting misses the kobold.
The kobold hits you with a +4 short sword of speed.
* * * LOW HITPOINT WARNING * * *
😱 HP[-5] MP[-1]
You take 5 damage, and now have 3/15 hp.
MASSIVE DAMAGE!! (PAUSE)
You lost 1 mp, and now have 2/6 mp.
Aiming: Sting (safe; 10% risk of failure)
Press: ? - help, Q - select action, (/) - cycle Shift-Dir - straight line, f/p - kobold
Aim: a kobold, wielding a +4 short sword of speed and quivering stones (60% to hit)
You miscast Sting.
Nothing appears to happen.
The kobold hits you with a +4 short sword of speed!
Ouch! That really hurt!
You die...

Action                   || total
-------------------------++-------
Melee: Unarmed           ||     6
       Kick              ||     4
       Peck              ||     1
       Short sword       ||     8
 Cast: Sting             ||    22
 Stab: Sleeping          ||     1
Armor: Robe              ||     1
Dodge: Dodged            ||     7

Levels and vault maps discovered:
D:1:      lemuel_arrival_behind_the_door_small, layout_basic,
          basic_ecumenical_altar, serial_shops, nicolae_shop_trees

Notes
Turn   | Place    | Note
-------+----------+-------------------------------------------
     0 | D:1      | Faeu the Tengu Venom Mage began the quest for the Orb.
     0 | D:1      | Reached XP level 1. HP: 10/10 MP: 4/4
     0 | D:1      | magus.rc [v1.9.6]
     8 | D:1      | Found Bipto's Assorted Antiques.
    70 | D:1      | HP: 2/10 [frozen (5)]
   347 | D:1      | Found a faded altar of an unknown god.
   369 | D:1      | Reached XP level 2. HP: 7/15 MP: 1/6
  1062 | D:1      | HP: 3/15 [kobold (5)]
  1063 | D:1      | Mangled by a kobold

Vanquished Creatures
  2 endoplasms (D:1)
  2 giant cockroaches (D:1)
  4 kobolds (D:1)
  4 ball pythons (D:1)
  2 goblins (D:1)
  3 rats (D:1)
17 creatures vanquished.

Table legend:
 A = Non-vault XP
 B = Vault XP
 C = Vault XP percentage of total XP
 D = Non-vault monster count
 E = Vault monster count
 F = Vault count percentage of total count
                 A         B        C        D         E       F
            +---------+---------+-------+---------+---------+-------
      Total |      26 |       0 |   0.0 |      17 |       0 |   0.0
            +---------+---------+-------+---------+---------+-------
        D:1 |      26 |       0 |   0.0 |      17 |       0 |   0.0
            +---------+---------+-------+---------+---------+-------

Illustrated notes

Table legend:
 A = Kills in this place as a percentage of kills in entire the game.
 B = Kills by you in this place as a percentage of kills by you in the entire game.
 C = Kills by friends in this place as a percentage of kills by friends in the entire game.
 D = Other kills in this place as a percentage of other kills in the entire game.
 E = Experience gained in this place as a percentage of experience gained in the entire game.
 F = Experience gained in this place divided by the number of levels of this place that you have seen.
                   A       B       C       D       E      F
               +-------+-------+-------+-------+-------+----------------------
         Total | 100.0 | 100.0 |   N/A |   N/A | 100.0 |  26.0
       Dungeon | 100.0 | 100.0 |   N/A |   N/A | 100.0 |  26.0
               +-------+-------+-------+-------+-------+----------------------

Table legend: (Time is in decaauts)
 A = Elapsed time spent in this place.
 B = Non-inter-level travel time spent in this place.
 C = Inter-level travel time spent in this place.
 D = Time resting spent in this place.
 E = Time spent auto-exploring this place.
 F = Levels seen in this place.
 G = Mean time per level.
                   A        B        C        D        E       F      G
               +--------+--------+--------+--------+--------+-----+--------+
         Total |   1063 |   1063 |      0 |    406 |    522 |   1 | 1063.0 |
       Dungeon |   1063 |   1063 |      0 |    406 |    522 |   1 | 1063.0 |
               +--------+--------+--------+--------+--------+-----+--------+

Top non-repeatable levels by time:
     D:1: 1063 daAuts
